 Dungeon Crawl Stone Soup version 0.28-a0-94-g325244837d (webtiles) character file.

Game seed: 14645317902548069410

53 ZenoRockbell the Skirmisher (level 3, -7/40 HPs)
             Began as an Ogre Berserker on Aug 7, 2021.
             Was a Believer of Trog.
             Killed from afar by an orc wizard (9 damage)
             ... with a magic dart
             ... on level 2 of the Dungeon.
             The game lasted 00:08:19 (1200 turns).

ZenoRockbell the Skirmisher (Ogre Berserker)        Turns: 1200, Time: 00:08:20

Health: -7/40      AC:  3    Str: 22    XL:     3   Next: 87%
Magic:  3/3        EV: 10    Int:  8    God:    Trog [**....]
Gold:   64         SH:  0    Dex: 14    Spells: 2/2 levels left

rFire   . . .      SeeInvis .   a - +1 hand axe
rCold   . . .      Faith    .   (no shield)
rNeg    . . .      Spirit   .   b - +0 animal skin
rPois   .          Reflect  .   (helmet restricted)
rElec   .          Harm     .   (no cloak)
rCorr   .          Rampage  .   (gloves unavailable)
Will    .....                   (boots unavailable)
Stlth   +.........              (no amulet)
HPRegen 0.13/turn               e - +6 ring of dexterity
MPRegen 0.08/turn               (no ring)

@: no status effects
A: large, unfitting armour, tough skin 1
a: Renounce Religion, Berserk, Trog's Hand


You were on level 2 of the Dungeon.
You worshipped Trog.
Trog was pleased with you.
You visited 1 branch of the dungeon, and saw 2 of its levels.

You collected 64 gold pieces.

Inventory:

Hand Weapons
 a - a +1 hand axe (weapon)
Armour
 b - a +0 animal skin (worn)
Magical Staves
 d - a staff of air
Jewellery
 e - a +6 ring of dexterity (left hand)


   Skills:
 + Level 4.5 Fighting
 + Level 3.6 Axes
 * Level 1.0 Armour
 + Level 3.1 Dodging


You had 2 spell levels left.
You didn't know any spells.
Your spell library was empty.

Dungeon Overview and Level Annotations

Branches:
Dungeon (2/15)

Altars:
Gozag


Innate Abilities, Weirdness & Mutations

You are too large for most types of armour.
You have tough skin. (AC +1)


Message History

The magic dart hits you! The orc barely misses you.
You slash the orc!
You kill the orc!
Trog accepts your kill.
Your Armour skill increases to level 1!
Unknown command.
The orc wizard hits you with a +0 dagger.
You slash the orc wizard!
The orc wizard is heavily wounded.
The orc wizard gestures at you while chanting.
You resist with some effort.
You hear some strange, mumbled words.
You are confused.
Something hits you.
You see here a +0 dagger.
The orc wizard casts a spell at you.
The magic dart hits something!
Something hits you.
You hit something.
The orc wizard points at you and mumbles some strange words.
Something closely misses the orc wizard.
The orc wizard hits you with a +0 dagger.
* * * LOW HITPOINT WARNING * * *
You feel less confused.
The orc wizard gestures at you while chanting.
You resist with some effort.
The orc wizard gestures at you while chanting.
The puff of flame hits you!
* * * LOW HITPOINT WARNING * * *
The orc wizard gestures at you while chanting.
You are confused.
The orc wizard hits you but does no damage.
The orc wizard gestures wildly while chanting.
The orc wizard flickers and vanishes!
You feel less confused.
Your library has no spells.
Something hits you.
* * * LOW HITPOINT WARNING * * *
A magic dart appears from out of thin air!
The magic dart hits you!
You die...

..######......### ..
#.#######......#
#..............##
#................
..#...........#....
..#...........#....
..............######
####......{.........#
..............@.....#
.##.................#
....................#
###................#
#.....)...........#
#.....†...........#
#....######.......#
#.... #.......#
#..... ......


There were no monsters in sight!

Vanquished Creatures
  A worm (D:2)
  A dart slug (D:1)
  2 orcs (D:2)
  2 ball pythons (D:1)
  7 bats
  5 endoplasms
  A giant cockroach (D:1)
  5 goblins
  2 hobgoblins (D:1)
  4 jackals (D:1)
  4 quokkas
  A frilled lizard (D:1)
  2 kobolds
  2 rats (D:1)
39 creatures vanquished.

Notes
Turn   | Place    | Note
-------+----------+-------------------------------------------
     0 | D:1      | ZenoRockbell the Ogre Berserker began the quest for the
                  | Orb.
     0 | D:1      | Reached XP level 1. HP: 24/24 MP: 1/1
    59 | D:1      | Reached XP level 2. HP: 22/32 MP: 2/2
   406 | D:1      | Reached XP level 3. HP: 16/40 MP: 3/3
   885 | D:1      | Reached ** piety under Trog
  1074 | D:2      | Found an opulent altar of Gozag.
  1183 | D:2      | Reached skill level 1 in Armour
  1191 | D:2      | HP: 2/40 [orc wizard/puff of flame (8)]
  1200 | D:2      | HP: 2/40 [something (1)]
  1200 | D:2      | Killed from afar by an orc wizard

Illustrated notes

Levels and vault maps discovered:
D:1:      lightli_arrival_isolated_outpost, layout_basic
D:2:      layout_basic, basic_altar

Skill      XL: |  1  2  3 |
---------------+----------+-----
Dodging        | 3 |  3.1
Armour         | 1 |  1.0
Fighting       | |  4.5
Axes           | |  3.6

Action                   || total
-------------------------++-------
Melee: Hand axe          ||   108
  Use: Scroll            ||     4
       Potion            ||     1
Armor: Animal skin       ||    52
Dodge: Dodged            ||   103

Table legend: (Time is in decaauts)
 A = Elapsed time spent in this place.
 B = Non-inter-level travel time spent in this place.
 C = Inter-level travel time spent in this place.
 D = Time resting spent in this place.
 E = Time spent auto-exploring this place.
 F = Levels seen in this place.
 G = Mean time per level.
                   A        B        C        D        E       F      G
               +--------+--------+--------+--------+--------+-----+--------+
         Total |   1236 |   1236 |      0 |      0 |      0 |   2 |  618.0 |
       Dungeon |   1236 |   1236 |      0 |      0 |      0 |   2 |  618.0 |
               +--------+--------+--------+--------+--------+-----+--------+

Top non-repeatable levels by time:
     D:1: 1039 daAuts
     D:2: 196 daAuts
